 Dungeon Crawl Stone Soup version 0.26.1-11-gd32895ea62 (webtiles) character file.

Game seed: 5191657486581181933

2846 Zeld the Geomancer (level 9, -9/52 HPs)
             Began as a Gargoyle Earth Elementalist on July 14, 2021.
             Was a Follower of Sif Muna.
             Mangled by an orc warrior
             ... wielding a +0 halberd of protection
              (17 damage)
             ... on level 7 of the Dungeon.
             The game lasted 00:17:07 (14298 turns).

Zeld the Geomancer (Gargoyle Earth Elementalist)   Turns: 14298, Time: 00:17:08

Health: -9/52      AC:  9    Str: 11    XL:     9   Next: 74%
Magic:  1/18       EV: 13    Int: 20    God:    Sif Muna [*.....]
Gold:   35         SH:  0    Dex: 10    Spells: 5/20 levels left

rFire    . . .     SeeInvis .   (no weapon)
rCold    . . .     Faith    .   (no shield)
rNeg     + . .     Spirit   .   c - +0 robe
rPois    ∞         Reflect  .   g - +0 helmet
rElec    +         Harm     .   (no cloak)
rCorr    .         Rampage  .   (no gloves)
Will     .....                  (no boots)
Stlth    +++.......             (no amulet)
HPRegen  0.17/turn              (no ring)
MPRegen  0.16/turn              (no ring)

@: no status effects
A: negative energy resistance 1, electricity resistance, unbreathing,
petrification resistance, miasma immunity, AC +6
a: Renounce Religion, Channel Magic


You were on level 7 of the Dungeon.
You worshipped Sif Muna.
Sif Muna was aware of your devotion.
You visited 2 branches of the dungeon, and saw 8 of its levels.

You collected 238 gold pieces.
You spent 203 gold pieces at shops.

Inventory:

Missiles
 d - 46 stones (quivered)
Armour
 c - a +0 robe (worn)
 g - a +0 helmet (worn)
Wands
 q - a wand of enslavement (20)
 s - a wand of random effects (17)
Scrolls
 h - a scroll of blinking
 j - 2 scrolls of enchant armour
 m - 2 scrolls of remove curse
 n - a scroll of teleportation
 p - 2 scrolls of enchant weapon
 r - 2 scrolls of amnesia {unknown}
 u - a scroll of fog {unknown}
 v - a scroll of fear {unknown}
Potions
 a - 3 potions of berserk rage {unknown}
 b - a potion of haste {unknown}
 e - a potion of mutation {unknown}
 f - a potion of ambrosia {unknown}
 i - 2 potions of curing {unknown}
 k - a potion of might
 l - a potion of flight {unknown}
 o - 2 potions of heal wounds {unknown}
 t - a potion of magic {unknown}


   Skills:
 + Level 4.7 Fighting
 + Level 4.0 Dodging
 + Level 5.9 Stealth
 * Level 6.3 Spellcasting
 + Level 4.6 Conjurations
 - Level 1.0 Transmutations
 * Level 8.7 Earth Magic
 - Level 0.6 Evocations


You had 5 spell levels left.
You knew the following spells:

 Your Spells              Type           Power        Failure   Level
a - Sandblast             Erth           82%          1%          1
b - Passwall              Tmut/Erth      20%          1%          2
c - Stone Arrow           Conj/Erth      66%          1%          3
d - Petrify               Tmut/Erth      25%          14%         4
e - Lee's Rapid Deconstr  Erth           20%          8%          5

Your spell library contained the following spells:

 Spells                   Type           Power        Failure   Level


Dungeon Overview and Level Annotations

Branches:
Dungeon (7/15)             Temple (1/1) D:5

Altars:
Cheibriados
Dithmenos
Elyvilon
Hepliaklqana
Kikubaaqudgha
Makhleb
Nemelex Xobeh
Okawaru
Ru
Sif Muna
Trog
Uskayaw
Vehumet
Wu Jian
Xom
Yredelemnul
Zin
The Shining One

Shops:
D:6 *


Innate Abilities, Weirdness & Mutations

You are resistant to torment.
Your stone body is resilient. (AC +6)
You are immune to poison.
You resist negative energy. (rN+)
You are resistant to electric shocks. (rElec)
You can survive without breathing.
You are immune to petrification.
You are immune to miasma.


Message History

The stone arrow hits the orc warrior!
The orc warrior is severely wounded.
The orc warrior misses you.
Casting: Stone Arrow (safe; 1% risk of failure)
Confirm with . or Enter, or press ? or * to list all spells.
Aiming: Stone Arrow (safe; 1% risk of failure)
Press: ? - help, Shift-Dir - straight line, f/p - orc warrior
Aim: an orc warrior, wielding a +0 halberd of protection and wearing a +0 chain mail (severely wounded, 29% to evade)
The stone arrow hits the orc warrior but does no damage.
The orc warrior is severely wounded.
The orc warrior misses you.
Casting: Stone Arrow (safe; 1% risk of failure)
Confirm with . or Enter, or press ? or * to list all spells.
Aiming: Stone Arrow (safe; 1% risk of failure)
Press: ? - help, Shift-Dir - straight line, f/p - orc warrior
Aim: an orc warrior, wielding a +0 halberd of protection and wearing a +0 chain mail (severely wounded, 29% to evade)
The stone arrow hits the orc warrior.
The orc warrior is almost dead.
The orc warrior hits you from afar with a +0 halberd of protection!
You die...

###..#.#####.#.#.##..##÷#...##
#..#.........#.##..#.).....#
#..###########.##..#..##...#
#......(...........#[.##...#
#.........####.##..#..##...####
#..######z# #.................
###..# #o# #.##..#.####.)#.##
.....#### #.# ##.##..#.#####.#)#
.######.#
#.###.@..............## .#
#.###...).................. .#
#.....###o.##.##.........## .#
#.##### #..##.##.#####...# .#
#.# #.###)##.#####.#.#
.######.#######.###)##.......#.#
....................##.#######.#
[######.#######)).........# #.##
.# #.# ####..##.#.## #.#.


You could see an orc warrior.

Vanquished Creatures
  Eustachio (D:4)
  2 sky beasts
  4 ogres
  An orc warrior (D:6)
  2 black bears
  2 centaurs (D:6)
  2 bullfrogs
  2 scorpions
  11 wights (D:7)
  A howler monkey (D:4)
  A crimson imp (D:4)
  A bullfrog zombie (D:6)
  A bullfrog skeleton (D:5)
  2 orc priests (D:6)
  4 hounds
  2 centaur skeletons (D:6)
  A gnoll shaman (D:4)
  4 orc wizards
  Jessica (D:2)
  An iguana (D:4)
  Natasha (thrice) (D:2)
  3 worker ants
  Robin (D:2)
  4 gnolls
  A howler monkey skeleton (D:4)
  14 adders
  A shadow imp (D:6)
  2 white imps
  3 ufetubi
  3 oozes
  3 adder skeletons (D:4)
  4 worms
  4 leopard geckos
  22 orcs
  5 giant cockroaches
  12 hobgoblins
  10 jackals
  6 quokkas
  2 bats
  4 frilled lizards
  14 goblins
  A jackal skeleton (D:5)
  6 kobolds
  A quokka skeleton (D:4)
  A quokka zombie (D:6)
  11 rats
187 creatures vanquished.

Vanquished Creatures (others)
  13 fungi (D:4)
13 creatures vanquished.

Grand Total: 200 creatures vanquished

Notes
Turn   | Place    | Note
-------+----------+-------------------------------------------
     0 | D:1      | Zeld the Gargoyle Earth Elementalist began the quest for
                  | the Orb.
     0 | D:1      | Reached XP level 1. HP: 10/10 MP: 3/3
    13 | D:1      | Reached XP level 2. HP: 11/16 MP: 0/5
   539 | D:1      | Reached skill level 1 in Transmutations
   565 | D:1      | Learned a level 2 spell: Passwall
   610 | D:1      | Reached skill level 4 in Earth Magic
   972 | D:2      | Reached XP level 3. HP: 18/20 MP: 0/6
   976 | D:2      | Learned a level 3 spell: Stone Arrow
  1061 | D:2      | Noticed Robin
  1065 | D:2      | Reached skill level 1 in Fighting
  1242 | D:2      | Killed Robin
  1247 | D:2      | Reached XP level 4. HP: 25/25 MP: 2/7
  1571 | D:2      | Noticed Natasha
  1579 | D:2      | Killed Natasha
  1701 | D:2      | Noticed Natasha
  1970 | D:2      | Killed Natasha
  1971 | D:2      | Reached skill level 1 in Conjurations
  1971 | D:2      | Reached XP level 5. HP: 24/29 MP: 2/9
  2090 | D:2      | Noticed Jessica
  2106 | D:2      | Noticed Natasha
  2109 | D:2      | Killed Natasha
  2155 | D:2      | Killed Jessica
  2216 | D:2      | Found a hide-covered altar of Uskayaw.
  2378 | D:2      | Learned a level 4 spell: Petrify
  3245 | D:3      | Reached skill level 5 in Earth Magic
  3696 | D:3      | Reached XP level 6. HP: 35/35 MP: 0/10
  3936 | D:3      | Found an iron altar of Okawaru.
  5230 | D:4      | Found a shimmering altar of Xom.
  5230 | D:4      | Found a burning altar of Makhleb.
  5489 | D:4      | Noticed a black bear
  5494 | D:4      | Killed a black bear
  5495 | D:4      | Reached XP level 7. HP: 40/40 MP: 2/12
  5757 | D:4      | Noticed Eustachio
  5798 | D:4      | Killed Eustachio
  5799 | D:4      | Reached skill level 6 in Earth Magic
  6264 | D:5      | Entered Level 5 of the Dungeon
  7062 | D:5      | Found a glowing golden altar of the Shining One.
  7488 | D:5      | Reached XP level 8. HP: 46/46 MP: 7/14
  7568 | D:5      | Learned a level 5 spell: Lee's Rapid Deconstruction
  7570 | D:5      | Found a staircase to the Ecumenical Temple.
  7581 | Temple   | Entered the Ecumenical Temple
  7634 | Temple   | Became a worshipper of Sif Muna the Loreminder
  8491 | D:5      | Found a shadowy altar of Dithmenos.
  8717 | D:5      | Found an ornate altar of the Wu Jian Council.
  8998 | D:6      | Found Eproh's Eclectic Emporium.
  9074 | D:6      | Bought a scroll of enchant weapon for 105 gold pieces
  9393 | D:6      | Reached skill level 7 in Earth Magic
  9586 | D:6      | Reached skill level 5 in Spellcasting
  9903 | D:5      | Reached skill level 5 in Stealth
 10121 | D:6      | Reached * piety under Sif Muna
 10531 | D:6      | Reached XP level 9. HP: 32/52 MP: 10/17
 12230 | D:6      | Bought a wand of enslavement (5) for 98 gold pieces
 12319 | D:7      | Reached skill level 8 in Earth Magic
 12507 | D:7      | Found an iron altar of Okawaru.
 14298 | D:7      | Mangled by an orc warrior

Illustrated notes

Levels and vault maps discovered:
D:1:      doesnt_arrival_eight_statues, layout_basic, chequers_decorated_corner
D:2:      layout_loops_ring, eat_drink_and_be_merry_uskayaw,
          chequers_serial_rivers_room_a, uniq_jessica, uniq_natasha, uniq_robin
D:3:      layout_basic, okawaru_metal_pillars_3
D:4:      layout_rooms, grunt_temple_overflow_champion_of_chaos,
          serial_aquarium, aquarium_bridge_square [aquarium_subvault_window,
          aquarium_subvault_window, aquarium_subvault_bridge,
          aquarium_subvault_window], aquarium_bridge_long_separate
          [aquarium_subvault_window, aquarium_subvault_bridge,
          aquarium_subvault_bridge, aquarium_subvault_bridge,
          aquarium_subvault_bridge, aquarium_subvault_wall], aquarium_window_2,
          aquarium_window_fake, aquarium_window_corridor_2, aquarium_window_2,
          aquarium_view_2c, aquarium_view_2c, aquarium_pool_corner,
          uniq_eustachio
D:5:      layout_basic, tso_oasis_becter, grunt_temple_overflow_open,
          minmay_temple_entry_stoned_glass
D:6:      layout_basic, nicolae_alphabet_shops
D:7:      layout_basic, general_overflow_altar, st_stairs_5, feat_on_display
Temple:   minmay_temple_curvy_loop

Skill      XL: |  1  2  3  4  5  6  7  8  9 |
---------------+----------------------------+-----
Transmutations | 1 |  1.0
Earth Magic    | 4 5 6 7 8 |  8.7
Fighting       | 1 2 3 4 |  4.7
Stealth        | 3 4 5 |  5.9
Dodging        | 2 3 4 |  4.0
Conjurations   | 1 2 3 4 |  4.6
Spellcasting   | 3 4 5 6 |  6.3
Evocations     | |  0.6

Action                   |  1- 3 |  4- 6 |  7- 9 || total
-------------------------+-------+-------+-------++-------
Melee: Unarmed           |     8 |    74 |   203 ||   285
 Cast: Sandblast         |    36 |    57 |    16 ||   109
       Stone Arrow       |       |    58 |   180 ||   238
       Passwall          |       |       |     2 ||     2
       Lee's Rapid Decon |       |       |     1 ||     1
       Petrify           |       |       |     1 ||     1
  Use: Scroll            |       |       |     7 ||     7
 Stab: Sleeping          |       |     1 |       ||     1
Armor: Robe              |     3 |    59 |   148 ||   210
Dodge: Dodged            |    10 |    71 |   288 ||   369
